 Dungeon Crawl Stone Soup version 0.27-a0-1202-ge72e49191c (webtiles) character file.

Game seed: 13632435014717301084

979 mordus the Magician (level 8, -2/60 HPs)
             Began as a Djinni Earth Elementalist on June 2, 2021.
             Was an Initiate of Ashenzari.
             Slain by Duvessa
             ... wielding a +0 rapier
              (9 damage)
             ... on level 5 of the Dungeon.
             The game lasted 00:25:46 (7866 turns).

mordus the Magician (Djinni Earth Elementalist)     Turns: 7866, Time: 00:25:47

Health: -2/60      AC:  5    Str:  7    XL:     8   Next: 40%
Gold:   184        EV: 12    Int: 19    God:    Ashenzari [......] SH:  0 Dex: 14

rFire    + + .     SeeInvis .   v - staff of death
rCold    x . .     Faith    .   (no shield)
rNeg     + . .     Spirit   .   c - +0 robe
rPois    ∞         Reflect  .   l - +1 helmet of Desmomancy {Fort, Self} (curse)
rElec    .         Harm     .   (no cloak)
rCorr    .         Rampage  .   o - +0 pair of gloves
Will     .....                  (boots unavailable)
Stlth    ++........             (no amulet)
HPRegen  0.20/turn              (no ring)
MPRegen  0.00/turn              (no ring)

@: flying
A: sickness immunity, fire resistance 2, cold vulnerability 1, float, innate
caster, hp casting, extra vitality 1
a: Renounce Religion, Shatter the Chains


You were on level 5 of the Dungeon.
You worshipped Ashenzari.
Ashenzari was noncommittal.
You visited 1 branch of the dungeon, and saw 6 of its levels.
You also visited: Sewer.

You collected 184 gold pieces.

Inventory:

Hand Weapons
 d - a +0 short sword
Missiles
 b - 124 stones
 A - 2 throwing nets
Armour
 c - a +0 robe (worn)
 l - the cursed +1 helmet of Desmomancy (worn) {Fort, Self}
   (You took it off Robin on level 2 of the Dungeon)

   It has a curse which improves the following skills: Fortitude: Armour and
   Shields.
   Introspection: Fighting and Spellcasting.
 o - a +0 pair of gloves (worn)
Magical Staves
 v - a staff of death (weapon)
Jewellery
 B - a ring of protection from fire
Wands
 s - a wand of acid (8)
 z - a wand of polymorph (7)
Scrolls
 a - 2 scrolls of torment
 g - a scroll of identify
 i - 2 scrolls of holy word
 m - a scroll of fear
 p - a scroll of amnesia
 r - a scroll of magic mapping
 t - a scroll of blinking
 u - 2 scrolls of fog
 x - 2 scrolls of teleportation
 y - a scroll of summoning
Potions
 e - a potion of invisibility
 f - a potion of heal wounds
 h - 2 potions of haste
 j - a potion of attraction
 k - a potion of might
 n - a potion of mutation
 q - 4 potions of curing
 w - a potion of brilliance


   Skills:
 + Level 4.9(5.4) Fighting
 + Level 0.7 Staves
 - Level 2.1 Dodging
 - Level 1.5 Stealth
 * Level 6.1(6.7) Spellcasting
 + Level 0.9 Evocations


You couldn't memorise any spells.
You knew the following spells:

 Your Spells              Type           Power      Damage    Failure   Level
a - Sandblast             Erth           62%        2d14      1%          1
b - Passwall              Tmut/Erth      25%        N/A       1%          2
c - Stone Arrow           Conj/Erth      62%        3d10      1%          3
d - Petrify               Tmut/Erth      31%        N/A       7%          4
e - Lee's Rapid Deconstr  Erth           15%        3d11*     19%         5
f - Beastly Appendage     Tmut           62%        N/A       1%          1
g - Poisonous Vapours     Pois/Air       62%        N/A       1%          2
h - Portal Projectile     Hex/Tloc       62%        N/A       1%          3
Your spell library was empty.

Dungeon Overview and Level Annotations

Branches:
Dungeon (6/15)              Sewer (visited)
 Temple: D:4-7

Altars:
Ashenzari
Cheibriados
Hepliaklqana
Kikubaaqudgha
Makhleb

Annotations:
D:5 Duvessa


Innate Abilities, Weirdness & Mutations

You are immune to sickness and miasma.
You are immune to poison.
Your flesh is very heat resistant. (rF++)
You are vulnerable to cold. (rC-)
You float through the air rather than walking.
You learn spells naturally, not from books.
Your magical power is your life essence.
You have superior vitality. (+4 HP)


Message History

Poisonous vapours surround Duvessa!
Duvessa is engulfed in poison gas.
Duvessa is poisoned.
Dowan is engulfed in poison gas.
Dowan looks even sicker.
Dowan gestures at Duvessa while chanting.
Duvessa seems to speed up.
Casting: Poisonous Vapours (safe; 1% risk of failure)
Confirm with . or Enter, or press ? or * to list all spells.
Aiming: Poisonous Vapours (safe; 1% risk of failure)
Press: ? - help, Dir - move target, f/p - Duvessa
Aim: Duvessa, wielding a +0 rapier and wearing a +0 leather armour (lightly wounded, fast, poisoned) Poisonous vapours surround Duvessa!
You kill Dowan!
Duvessa screams in rage.
Duvessa goes berserk!
Duvessa is engulfed in poison gas.
Duvessa looks even sicker.
Casting: Poisonous Vapours (safe; 1% risk of failure)
Confirm with . or Enter, or press ? or * to list all spells.
Aiming: Poisonous Vapours (safe; 1% risk of failure)
Press: ? - help, Dir - move target, f/p - Duvessa
Aim: Duvessa, wielding a +0 rapier and wearing a +0 leather armour (moderately wounded, berserk, fast, very poisoned) Poisonous vapours surround Duvessa!
Duvessa is engulfed in poison gas.
Duvessa looks even sicker.
Duvessa rages.
A centaur skeleton comes into view.
Duvessa closely misses you. Duvessa hits you with a +0 rapier!!
You fly upwards.
There is a stone staircase leading down here.
Duvessa misses you.
Unknown command.
Duvessa hits you with a +0 rapier. Duvessa hits you with a +0 rapier.
Duvessa hits you with a +0 rapier.
Duvessa rages.
Duvessa hits you with a +0 rapier.
* * * LOW HITPOINT WARNING * * *
There is a stone staircase leading up here.
Duvessa hits you with a +0 rapier!
* * * LOW HITPOINT WARNING * * *
Duvessa hits you with a +0 rapier!
You die...

#...##...###.......)####.#.######
..........##........)).....#
....................####..## #
...........####..#.#####.## #####
..........(## #..#......)####....
............###........).)....###
#....#...##.##.<#.##..#########
####.#.####..#.##.##...# #.#.#
##...e@....#.##
#.#.#######.#..#..#..###
#.#.##.†....#..........#
####...##.........#...#####
...............##........#
...............##.####.#.#
..................# #.#.#
...............#### #...### #
...............# ##....######


You could see Duvessa (berserk, fast, poisoned).

Vanquished Creatures
  A water moccasin (Sewer)
  A black bear (D:4)
  An ice beast (D:5)
  Dowan (D:6)
  A hound (D:4)
  3 jellies
  Terence (D:2)
  An iguana (D:5)
  2 orc wizards (D:3)
  Natasha (twice) (D:2)
  A killer bee zombie (D:5)
  A hound skeleton (D:5)
  A howler monkey zombie (D:5)
  Robin (D:2)
  11 gnolls
  7 adders
  A white imp (D:5)
  An adder skeleton (D:4)
  5 worms
  2 dart slugs
  16 orcs
  5 ball pythons
  11 bats
  5 endoplasms
  A giant cockroach (D:2)
  17 goblins
  12 hobgoblins
  2 jackals (D:2)
  8 kobolds
  4 quokkas
  A frilled lizard (D:1)
  6 rats
  A spectral hobgoblin (D:4)
134 creatures vanquished.

Notes
Turn   | Place    | Note
-------+----------+-------------------------------------------
     0 | D:1      | mordus the Djinni Earth Elementalist began the quest for
                  | the Orb.
     0 | D:1      | Reached XP level 1. HP: 15/15 MP: 0/0
   254 | D:1      | Reached XP level 2. HP: 21/22 MP: 0/0
   342 | D:1      | Reached skill level 1 in Fighting
   711 | D:1      | Reached XP level 3. HP: 26/27 MP: 0/0
   711 | D:1      | Learned a level 1 spell: Beastly Appendage
   751 | D:1      | Reached skill level 3 in Spellcasting
  1542 | D:2      | Found a faded altar of an unknown god.
  1598 | D:2      | Reached XP level 4. HP: 28/32 MP: 0/0
  1650 | D:2      | Noticed Robin
  2270 | D:2      | Killed Robin
  2374 | D:2      | Noticed Terence
  2383 | D:2      | Killed Terence
  2384 | D:2      | Reached XP level 5. HP: 30/38 MP: 0/0
  2384 | D:2      | Learned a level 2 spell: Poisonous Vapours
  2827 | D:2      | Noticed Natasha
  2832 | D:2      | Killed Natasha
  2833 | D:2      | Reached skill level 4 in Spellcasting
  3112 | D:2      | Noticed Natasha
  3116 | D:2      | Killed Natasha
  3709 | D:3      | Reached XP level 6. HP: 39/45 MP: 0/0
  3873 | D:3      | Found a broken altar of Ashenzari.
  3876 | D:3      | Found a burning altar of Makhleb.
  3883 | D:3      | Became a worshipper of Ashenzari the Shackled
  3913 | D:3      | Found a glowing drain.
  3935 | Sewer    | Entered a sewer
  4079 | Sewer    | Noticed a water moccasin
  4086 | Sewer    | Killed a water moccasin
  4381 | D:3      | Found a snail-covered altar of Cheibriados.
  4525 | D:3      | Reached XP level 7. HP: 48/50 MP: 0/0
  4525 | D:3      | Learned a level 3 spell: Portal Projectile
  5298 | D:3      | Reached skill level 5 in Spellcasting
  5985 | D:4      | Found a hazy altar of Hepliaklqana.
  6688 | D:5      | Entered Level 5 of the Dungeon
  7067 | D:5      | Reached XP level 8. HP: 24/58 MP: 0/0
  7396 | D:5      | Reached skill level 6 in Spellcasting
  7846 | D:6      | Noticed Duvessa
  7846 | D:6      | Noticed Dowan
  7850 | D:6      | Killed Dowan
  7866 | D:5      | Slain by Duvessa

Illustrated notes

Levels and vault maps discovered:
D:1:      dpeg_arrival_refuge, layout_basic, supply_closet_lemuel,
          minmay_hedge_maze
D:2:      layout_basic, hellmonk_ecumenical_altar_run_dry, uniq_terence,
          uniq_natasha, uniq_robin
D:3:      minmay_evil_eye, layout_basic, lemuel_round_altar,
          overflow_temple_1_default, chequers_temple_overflow_statue_of_worship,
          portal_sewer_entry_d, hangedman_abyss_or_decor_lesser_grid,
          minmay_quantized
D:4:      layout_loops_corners, nicolae_hepliaklqana_monster_ancestors
D:5:      layout_rooms
D:6:      due_chaos_kobolds, layout_gridville,
          minmay_temple_entry_statues_pillars, ebering_ghost_reflecting_pool,
          uniq_duvessa, uniq_eustachio

Skill      XL: |  1  2  3  4  5  6  7  8 |
---------------+-------------------------+-----
Fighting       | 1 2 3 4 |  4.9
Spellcasting   | 3 4 5 6 |  6.1
Staves         | |  0.7
Dodging        | |  2.1
Stealth        | |  1.5
Evocations     | |  0.9

Action                   |  1- 3 |  4- 6 |  7- 9 || total
-------------------------+-------+-------+-------++-------
Melee: Short sword       |    12 |    33 |    14 ||    59
       Headbutt          |       |     1 |       ||     1
 Cast: Sandblast         |    43 |    36 |    43 ||   122
       Beastly Appendage |       |     3 |       ||     3
       Stone Arrow       |       |     1 |     2 ||     3
       Poisonous Vapours |       |    54 |    58 ||   112
       Passwall          |       |     1 |       ||     1
       Lee's Rapid Decon |       |       |     1 ||     1
Invok: Curse Item        |       |       |     1 ||     1
  Use: Scroll            |       |       |     1 ||     1
 Stab: Sleeping          |       |       |     1 ||     1
Armor: Robe              |     5 |    30 |     5 ||    40
Dodge: Dodged            |    19 |    76 |    25 ||   120

Table legend: (Time is in decaauts)
 A = Elapsed time spent in this place.
 B = Non-inter-level travel time spent in this place.
 C = Inter-level travel time spent in this place.
 D = Time resting spent in this place.
 E = Time spent auto-exploring this place.
 F = Levels seen in this place.
 G = Mean time per level.
                   A        B        C        D        E       F      G
               +--------+--------+--------+--------+--------+-----+--------+
         Total |   7874 |   7650 |    224 |   1603 |   5139 |   7 | 1124.9 |
       Dungeon |   7569 |   7345 |    224 |   1415 |   5066 |   6 | 1261.5 |
         Sewer |    304 |    304 |      0 |    188 |     73 |   1 |  304.0 |
               +--------+--------+--------+--------+--------+-----+--------+

Top non-repeatable levels by time:
     D:1: 2095 daAuts
     D:2: 1591 daAuts
     D:3: 1581 daAuts
     D:4: 1436 daAuts
     D:5: 859 daAuts
   Sewer: 304 daAuts
     D:6: 6 daAuts
